 Dungeon Crawl Stone Soup version 0.30-a0-726-gd89dcf765f (webtiles) character file.

Game seed: 9771334417774821835

625 hikkokomori the Cutter (level 7, -6/44 HPs)
             Began as a Kobold Gladiator on Jan 30, 2023.
             Mangled by Valagong's ghost (12 damage)
             ... on level 4 of the Dungeon.
             The game lasted 00:04:37 (3556 turns).

hikkokomori the Cutter (Kobold Gladiator)           Turns: 3556, Time: 00:04:38

Health: -6/44      AC:  4    Str:  9 (11) XL:     7   Next: 76%
Magic:  7/7        EV: 22    Int:  6 (9)  God:
Gold:   187        SH:  0    Dex: 18 (19) Spells: 6/6 levels left

rFire   . . .      SeeInvis .    h - +3 dagger (speed)
rCold   . . .      Faith    .    (no shield)
rNeg    . . .      Spirit   .    b - +0 leather armour
rPois   .          Reflect  .    c - +0 helmet
rElec   .          Harm     .    (no cloak)
rCorr   .          Rampage  .    (no gloves)
Will    +....                    (no boots)
Stlth   ++++                     (no amulet)
HPRegen 0.27/turn                f - ring of willpower
MPRegen 0.10/turn                t - +5 ring of evasion

@: about to teleport, hasted, very quick
A: small, no large weapons, nightstalker 3
a: no special abilities


You were on level 4 of the Dungeon.
You visited 1 branch of the dungeon, and saw 4 of its levels.

You collected 187 gold pieces.

Inventory:

Hand Weapons
 a - a +0 rapier
 h - a +3 dagger of speed (weapon)
 u - a +0 dagger of venom
Missiles
 d - 3 throwing nets (quivered)
 e - 4 boomerangs
Armour
 b - a +0 leather armour (worn)
 c - a +0 helmet (worn)
Jewellery
 f - a ring of willpower (left hand)
 t - a +5 ring of evasion (right hand)
Wands
 l - a wand of polymorph (13)
Scrolls
 k - a scroll of enchant armour
 n - a scroll of enchant weapon
 p - 2 scrolls of identify
 r - a scroll of vulnerability {unknown}
 s - a scroll of immolation {unknown}
Potions
 j - a potion of cancellation
 m - 5 potions of curing
 q - a potion of haste


   Skills:
 + Level 4.7 Fighting
 + Level 6.5 Short Blades
 - Level 2.1 Throwing
 + Level 5.9 Dodging
 + Level 5.4 Stealth


You had 6 spell levels left.
You didn't know any spells.
Your spell library contained the following spells:

 Spells                   Type           Power      Damage    Failure   Level
 Sandblast                Erth           0%         2d4       56%         1
 Passwall                 Tmut/Erth      0%         N/A       71%         2
 Stone Arrow              Conj/Erth      0%         3d7       91%         3


Dungeon Overview and Level Annotations

Branches:
Dungeon (4/15)
 Temple: D:4-7

Altars:
Dithmenos
Kikubaaqudgha
Vehumet

Shops:
D:3 =   D:4 (

Annotations:
D:4 1 runed translucent door, Valagong's ghost, amateur MiFi


Innate Abilities, Weirdness & Mutations

You are small and have problems with some larger weapons.
You are completely attuned to the shadows.


Message History

You barely miss Valagong's ghost.
Valagong's ghost is lightly damaged.
As you read the scroll labelled WAICHUTTUL, it crumbles to dust.
It is a scroll of enchant weapon.
Your +2 dagger of speed glows red for a moment.
Valagong's ghost barely misses you.
As you read the scroll labelled YCWYTO OPREMNOO, it crumbles to dust.
You feel aware of your surroundings.
It was a scroll of magic mapping.
Valagong's ghost completely misses you.
As you read the scroll labelled MOOBLU MISIYBB, it crumbles to dust.
You feel strangely unstable.
It was a scroll of teleportation.
You hit Valagong's ghost but do no damage.
Valagong's ghost is lightly damaged.
Valagong's ghost closely misses you.
You hit Valagong's ghost but do no damage.
Valagong's ghost is lightly damaged.
You hit Valagong's ghost.
Valagong's ghost is lightly damaged.
You hit Valagong's ghost but do no damage.
Valagong's ghost is lightly damaged.
You hit Valagong's ghost.
Valagong's ghost is lightly damaged.
Valagong's ghost hits you but does no damage.
You hit Valagong's ghost.
Valagong's ghost is moderately damaged.
You hit Valagong's ghost.
Valagong's ghost is moderately damaged.
You closely miss Valagong's ghost.
Valagong's ghost is moderately damaged.
Valagong's ghost barely misses you.
You hit Valagong's ghost but do no damage.
Valagong's ghost is moderately damaged.
You hit Valagong's ghost but do no damage.
Valagong's ghost is moderately damaged.
You hit Valagong's ghost but do no damage.
Valagong's ghost is moderately damaged.
You closely miss Valagong's ghost.
Valagong's ghost is moderately damaged.
Valagong's ghost hits you!
You die...

.##..........'......#.#.........^
######.....###......#.###########
....##.....# #......#..##
....##....## #......##..# #######
....##....## #......###.###......
....##.....# #......# #...#.####.
....##.....###..)...# ###.#.# ##.
....##.....#...##########...###..
....##..........@....##....>.....
....##....##'##W.....######.####.
....##....#~~~#......# #...## ##
##'###....#~~~#......####.#..#
##'###....#~~~#......##......####
..........#~~~#......##..#...#...
..)..######~,~####......###.....#
..)..# *~~~#.....##..###..##.#
.....# #~~~##..#.###..#..###.#


You could see Valagong's ghost.

Vanquished Creatures
  Sigmund (D:4)
  A black bear (D:4)
  A centaur (D:4)
  2 scorpions
  An orc priest (D:4)
  An orc wizard (D:4)
  3 adders
  An ufetubus (D:4)
  2 worms
  A dart slug (D:2)
  2 orcs (D:4)
  A bat zombie (D:3)
  6 endoplasms
  7 giant cockroaches
  5 goblins
  6 hobgoblins
  7 jackals
  4 quokkas
  9 ball pythons
  8 bats
  4 frilled lizards
  9 kobolds
  5 rats
87 creatures vanquished.

Notes
Turn   | Place    | Note
-------+----------+-------------------------------------------
     0 | D:1      | hikkokomori the Kobold Gladiator began the quest for the
                  | Orb.
     0 | D:1      | Reached XP level 1. HP: 12/12 MP: 1/1
    90 | D:1      | Reached XP level 2. HP: 18/18 MP: 2/2
   159 | D:1      | Reached skill level 1 in Stealth
   278 | D:1      | Reached XP level 3. HP: 22/22 MP: 3/3
  1125 | D:1      | Reached XP level 4. HP: 10/27 MP: 4/4
  1539 | D:3      | Found an ancient bone altar of Kikubaaqudgha.
  1858 | D:3      | Found Lueck's Jewellery Emporium.
  1952 | D:3      | Noticed a scorpion
  1969 | D:3      | Killed a scorpion
  1970 | D:3      | Reached skill level 5 in Short Blades
  1970 | D:3      | Reached XP level 5. HP: 26/32 MP: 5/5
  2395 | D:4      | Noticed a black bear
  2397 | D:4      | Found a radiant altar of Vehumet.
  2399 | D:4      | Killed a black bear
  2400 | D:4      | Reached XP level 6. HP: 38/38 MP: 6/6
  2406 | D:4      | Noticed Sigmund
  2434 | D:4      | Killed Sigmund
  2435 | D:4      | Reached skill level 6 in Short Blades
  2435 | D:4      | Reached skill level 5 in Dodging
  2435 | D:4      | Reached XP level 7. HP: 34/43 MP: 7/7
  2698 | D:4      | Reached skill level 5 in Stealth
  2837 | D:4      | Found a runed translucent door.
  2916 | D:4      | Found a shadowy altar of Dithmenos.
  2985 | D:4      | Found a runed translucent door.
  2993 | D:4      | Found Towidutz's Antique Weapon Boutique.
  3039 | D:4      | Noticed Valagong's ghost (amateur MiFi)
  3556 | D:4      | Mangled by Valagong's ghost

Illustrated notes

Levels and vault maps discovered:
D:1:      lightli_arrival_statue_moat, layout_rooms
D:2:      minmay_spotlight, layout_loops_ring, basic_altar, minmay_circled_x
D:3:      layout_basic, lemuel_zombie_altar_kikubaaqudgha, serial_shops, shop,
          mrwooster_statue_mirror, corexii_item_surrounded_by_moat
D:4:      layout_basic, mainiacjoe_overflow_small_starburst,
          nicolae_dithmenos_shadow_blocks, serial_shops,
          nicolae_shop_statue_plus, ebering_ghost_sewer_f, uniq_sigmund

Skill      XL: |  1  2  3  4  5  6  7 |
---------------+----------------------+-----
Stealth        | 1 2 3 4 5 |  5.4
Dodging        | 4 5 |  5.9
Fighting       | 3 4 |  4.7
Short Blades   | 5 6 |  6.5
Throwing       | |  2.1

Action                     |  1- 3 |  4- 6 |  7- 9 || total
---------------------------+-------+-------+-------++-------
  Melee: Rapier            |    22 |       |       ||    22
         Dagger            |    80 |    87 |   132 ||   299
         Punch             |       |     1 |     2 ||     3
    Use: Scroll            |       |     3 |     3 ||     6
         Potion            |       |       |     2 ||     2
   Stab: Sleeping          |    21 |     7 |     9 ||    37
         Distracted        |       |     1 |       ||     1
 Armour: Leather armour    |    12 |     5 |     8 ||    25
  Dodge: Dodged            |    37 |    33 |    63 ||   133

Table legend: (Time is in decaauts)
 A = Elapsed time spent in this place.
 B = Non-inter-level travel time spent in this place.
 C = Inter-level travel time spent in this place.
 D = Time resting spent in this place.
 E = Time spent auto-exploring this place.
 F = Levels seen in this place.
 G = Mean time per level.
                   A        B        C        D        E       F      G
               +--------+--------+--------+--------+--------+-----+--------+
         Total |   3380 |   3279 |    101 |    190 |   2618 |   4 |  845.0 |
       Dungeon |   3380 |   3279 |    101 |    190 |   2618 |   4 |  845.0 |
               +--------+--------+--------+--------+--------+-----+--------+

Top non-repeatable levels by time:
     D:4: 1097 daAuts
     D:3: 986 daAuts
     D:1: 954 daAuts
     D:2: 342 daAuts
